Map: Blackrock LE

Players

RipNHammer - Winner!

  • Race: Terran Terran
  • League: Master
  • Spawn Location: 7:00

Red

  • Race: Terran Terran
  • League: Grandmaster
  • Spawn Location: 1:00

VOD

Have the link to the VOD?

Description

Time

  • Played on: Sept. 7, 2026, 4:07 p.m.
  • Length: 15:11
Show
View Real Time Build Order
Export as new Build Order

RipNHammer Terran - Winner!

Build Orders: Mech 

Get SALT Encoding   

  8  0:00  SCV  
  9  0:12  SCV  
  10  0:24  SCV  
  11  0:37  SCV  
  11  0:41  Supply Depot  
  12  0:49  SCV  
  13  1:03  SCV  
  13  1:04  Barracks  
  14  1:10  Refinery  
  14  1:15  SCV  
  15  1:20  Refinery  
  15  1:27  SCV  
  16  1:39  SCV  
  17  1:51  Reaper, Orbital Command  
  18  2:13  Factory  
  18  2:18  SCV  
  19  2:30  SCV  
  19  2:36  Barracks Reactor  
  19  2:43  SCV, Supply Depot  
  20  2:56  SCV  
  21  2:59  Command Center, Factory Tech Lab  
  21  3:10  Starport, SCV  
  22  3:14  Marine  
  22  3:17  Marine  
  24  3:26  Cyclone  
  27  3:30  SCV  
  28  3:39  Supply Depot  
  28  3:43  SCV  
  28  3:46  Starport Tech Lab  
  29  4:01  Marine x2, SCV  
  32  4:03  Siege Tank  
  35  4:15  Raven  
  37  4:21  Orbital Command  
  36  4:27  Interference Matrix  
  36  4:28  Marine x2  
  36  4:30  SCV  
  39  4:36  Refinery  
  39  4:42  SCV  
  40  4:48  Refinery  
  40  4:50  Siege Tank  
  40  4:51  SCV  
  44  4:56  Supply Depot  
  44  4:59  SCV  
  45  5:03  SCV  
  45  5:06  Marine x2  
  48  5:10  Raven  
  50  5:18  SCV x2  
  50  5:20  Supply Depot  
  52  5:23  Siege Tank  
  52  5:25  Marine x2  
  57  5:33  SCV  
  58  5:41  SCV  
  59  5:42  Supply Depot  
  59  5:45  SCV  
  59  5:46  Raven  
  62  5:53  SCV  
  59  5:57  Marine x2  
  59  5:58  Siege Tank  
  59  5:59  SCV  
  65  6:05  SCV  
  65  6:11  SCV  
  63  6:15  Marine x2  
  63  6:17  Command Center, SCV  
  66  6:24  SCV  
  67  6:28  Supply Depot  
  67  6:30  SCV  
  68  6:36  SCV  
  68  6:38  Siege Tank  
  68  6:39  Raven  
  74  6:50  SCV, Marine x2  
  77  7:02  SCV x2  
  79  7:16  Siege Tank  
  82  7:23  Supply Depot  
  82  7:25  Factory  
  82  7:27  SCV x2, Factory  
  82  7:29  Raven  
  83  7:34  Refinery  
  67  7:40  SCV  
  67  7:41  Orbital Command  
  68  7:50  Siege Tank  
  71  8:00  SCV x2  
  73  8:08  SCV  
  73  8:12  Factory Tech Lab x2  
  74  8:15  SCV  
  75  8:22  Siege Tank  
  68  8:41  SCV x3  
  45  8:53  SCV x2  
  45  8:54  Cyclone  
  50  8:57  SCV  
  51  9:05  SCV x2  
  51  9:09  SCV  
  54  9:17  SCV x2  
  54  9:18  Siege Tank  
  54  9:19  Siege Tank  
  54  9:20  Marine  
  54  9:21  SCV  
  64  9:26  Siege Tank, Factory  
  64  9:29  SCV x2, Viking x2  
  73  9:32  Mag-Field Accelerator  
  74  9:39  Orbital Command  
  74  9:40  Engineering Bay  
  74  9:41  SCV x2  
  74  9:44  Factory  
  74  9:45  Command Center  
  75  9:53  SCV x2, Siege Tank  
  75  9:54  Siege Tank  
  75  9:59  Hellion  
  85  10:05  SCV x2  
  85  10:06  Viking  
  85  10:07  Viking  
  91  10:08  Refinery  
  91  10:09  SCV  
  91  10:10  Supply Depot  
  91  10:13  Cyclone  
  95  10:14  Missile Turret x2  
  95  10:15  Missile Turret  
  95  10:17  SCV  
  95  10:18  SCV  
  97  10:21  SCV  
  97  10:23  Cyclone  
  97  10:26  Hellion  
  103  10:29  Factory Reactor  
  103  10:31  SCV x2, Cyclone  
  103  10:33  SCV  
  109  10:37  Supply Depot  
  109  10:40  Missile Turret  
  109  10:43  Viking x2  
  109  10:49  Cyclone  
  116  10:52  SCV  
  117  11:00  SCV  
  117  11:01  Missile Turret  
  117  11:02  Missile Turret  
  119  11:05  SCV  
  119  11:06  Missile Turret x2  
  119  11:11  Orbital Command  
  118  11:23  Viking  
  113  11:31  Cyclone, Siege Tank, Hellion  
  116  11:38  Cyclone, Siege Tank  
  122  11:49  Hellion  
  124  12:03  Cyclone  
  124  12:05  Cyclone, Hellion  
  132  12:10  Siege Tank  
  121  12:17  Cyclone, Hellion  
  111  12:26  Hellion  
  113  12:35  Siege Tank  
  113  12:37  Cyclone  
  119  12:40  SCV x3  
  119  12:42  Siege Tank  
  119  12:43  Refinery  
  125  12:48  Missile Turret  
  125  12:49  Missile Turret  
  125  12:50  Cyclone  
  125  12:51  Hellion  
  124  13:12  Orbital Command  
  123  13:23  SCV x2  
  121  13:35  Refinery, SCV x2  
  121  13:36  Siege Tank  
  126  13:44  Hellion  
  126  13:47  SCV  
  127  14:02  Supply Depot  
  127  14:05  SCV x3  
  130  14:17  SCV  
  130  14:18  SCV x2  
  133  14:30  SCV x3  
  134  14:44  SCV  
  134  14:45  SCV, Hellion  
Show
View Real Time Build Order
Export as new Build Order

Red Terran 

Build Orders: Cyclone Opening 

Get SALT Encoding   

  8  0:00  SCV  
  9  0:12  SCV  
  10  0:24  SCV  
  11  0:29  Supply Depot  
  11  0:36  SCV  
  12  0:48  SCV  
  13  0:54  Barracks  
  13  1:01  SCV  
  14  1:06  Refinery  
  14  1:14  SCV  
  15  1:19  Refinery  
  15  1:26  SCV  
  16  1:40  Orbital Command  
  16  1:46  Marine  
  17  2:00  Factory  
  17  2:06  Barracks Tech Lab  
  17  2:12  SCV  
  18  2:20  Supply Depot  
  18  2:28  SCV  
  19  2:41  SCV  
  20  2:50  Command Center  
  20  2:55  Cyclone  
  20  2:57  SCV  
  24  3:09  SCV, Supply Depot  
  25  3:21  SCV  
  25  3:26  Starport  
  26  3:33  SCV  
  27  3:35  Cyclone  
  27  3:37  Barracks Tech Lab  
  30  3:45  SCV  
  31  3:57  SCV  
  32  4:02  Barracks Reactor  
  32  4:09  SCV  
  33  4:11  Raven  
  35  4:18  Refinery  
  35  4:21  SCV  
  36  4:25  Siege Tank  
  36  4:28  Orbital Command  
  39  4:33  SCV  
  39  4:37  Supply Depot  
  40  4:42  Marine x2  
  42  4:46  SCV  
  42  4:50  Raven  
  45  4:54  SCV  
  45  4:56  Supply Depot  
  45  4:58  SCV  
  47  5:04  Marine x2  
  47  5:06  Siege Tank, SCV  
  53  5:10  Interference Matrix  
  53  5:13  SCV  
  54  5:18  SCV  
  54  5:19  Supply Depot  
  55  5:22  Marine x2  
  55  5:25  SCV  
  58  5:30  SCV, Raven  
  61  5:37  SCV  
  61  5:42  SCV  
  63  5:47  Siege Tank, Command Center  
  63  5:49  SCV  
  67  5:51  Supply Depot  
  67  5:54  SCV  
  68  6:01  SCV  
  68  6:02  Supply Depot  
  69  6:06  SCV  
  70  6:14  SCV  
  71  6:18  SCV, Supply Depot  
  71  6:19  Refinery  
  71  6:21  Siege Tank  
  71  6:22  Viking x2  
  79  6:26  SCV  
  79  6:29  Supply Depot  
  79  6:30  SCV  
  79  6:32  Marine  
  82  6:34  Stimpack  
  82  6:39  Supply Depot  
  82  6:48  Barracks  
  82  6:49  Barracks, Marine  
  83  6:54  Viking x2  
  80  7:04  SCV x2  
  80  7:06  Siege Tank  
  80  7:07  Marine  
  77  7:17  Supply Depot  
  77  7:18  Supply Depot  
  74  7:25  Marine  
  70  7:37  Barracks Reactor x2  
  70  7:43  Marine, SCV  
  72  7:48  Viking  
  74  7:55  SCV  
  65  8:07  SCV  
  66  8:20  SCV  
  66  8:32  SCV  
  43  8:44  SCV  
  39  8:56  SCV, Marine, Orbital Command  
  39  8:57  Siege Tank  
  39  8:58  Marine x4  
  39  9:00  Viking x2  
  52  9:08  SCV  
  53  9:14  Marine  
  53  9:16  Marine x4  
  58  9:19  Combat Shield  
  58  9:20  SCV  
  58  9:23  SCV  
  60  9:32  SCV  
  60  9:35  Marine x5  
  66  9:41  Orbital Command  
  66  9:42  SCV  
  66  9:44  SCV  
  68  9:47  Siege Tank  
  71  9:54  SCV, Marine x2  
  71  9:56  SCV  
  75  10:05  Marine x3  
  75  10:06  SCV  
  79  10:08  SCV  
  79  10:11  Supply Depot  
  79  10:12  SCV, Marine  
  82  10:15  Viking x2  
  82  10:16  Marine  
  82  10:18  SCV  
  82  10:20  SCV  
  89  10:23  Marine  
  89  10:24  SCV  
  89  10:27  Marine x2, Supply Depot  
  93  10:29  Siege Tank  
  93  10:30  Marine, SCV  
  93  10:34  SCV  
  99  10:36  SCV  
  99  10:38  Marine  
  99  10:39  Supply Depot  
  99  10:41  Marine  
  99  10:42  SCV  
  103  10:45  Medivac x2  
  103  10:46  SCV  
  108  10:51  Marine x3  
  108  10:53  SCV  
  108  10:54  SCV  
  113  10:59  Barracks  
  113  11:02  Barracks  
  113  11:04  Marine x2  
  113  11:08  Marine  
  112  11:23  Marine x4  
  108  11:26  Marine  
  102  11:35  Siege Tank  
  102  11:37  Medivac  
  102  11:38  Medivac  
  109  11:40  Marine  
  109  11:41  Marine x3  
  109  11:44  Marine  
  110  11:58  Marine  
  110  11:59  Marine x3  
  83  12:17  Marine x5  
  83  12:33  SCV  
  83  12:34  Marine  
  83  12:35  Marine x2  
  86  12:43  Command Center x2, Marine x2  
  85  12:52  Marine  
  86  13:04  Marine x4  
  88  13:10  Marine  
  87  13:16  Siege Tank  
  90  13:22  Marine x4  
  90  13:26  Medivac x2  
  87  13:28  Marine  
  87  13:29  Barracks Tech Lab x2  
  87  13:30  Concussive Shells  
  88  13:39  Marine  
  88  13:40  Marine x3  
  92  13:48  Marine x3  
  89  13:57  Marine x3  
  89  13:58  Marine  
  93  14:03  Medivac x2  
  93  14:06  Marine x3  
  100  14:15  Marine x4  
  104  14:24  Marine x3  
  89  14:38  Marine x4  
  89  14:41  Marine  
  89  14:42  Marine x2  
Tags
 
Composition
Mech
Matchup
TvT
Race
Terran
Replay Pack
RipNHammer
Spawn Locations
Cross Positions
Add a new tag
Caveats
  • Supply blocks, unpowered buildings, or Contaminate may cause inaccurate times.
  • Supply counts are checked every 10 seconds.